 Dungeon Crawl Stone Soup version 0.30-a0-949-g53dc5368d7 (webtiles) character file.

Game seed: 5279279198784928949

779 cforsyth the Trooper (level 8, -1/67 HPs)
             Began as a Formicid Fighter on Mar 28, 2023.
             Was an Initiate of Ru.
             Slain by Edmund
             ... wielding a +0 heavy dire flail
              (13 damage)
             ... on level 5 of the Dungeon.
             The game lasted 00:04:43 (4074 turns).

cforsyth the Trooper (Formicid Fighter)             Turns: 4074, Time: 00:04:43

Health: -1/67      AC:  6    Str: 22    XL:     8   Next: 10%
Magic:  17/17      EV:  9    Int:  9    God:    Ru [......]
Gold:   324        SH:  6    Dex: 19    Spells: 7/7 levels left

rFire   . . .      SeeInvis +    a - +0 flail
rCold   . . .      Faith    .    c - +0 buckler
rNeg    . . .      Spirit   .    b - +0 scale mail
rPois   .          Reflect  .    (helmet unavailable)
rElec   .          Rampage  .    (no cloak)
rCorr   .                        (no gloves)
Will    .....                    (no boots) Stlth
                                 (no amulet)
HPRegen 0.31/turn                f - +6 ring of dexterity
MPRegen 0.15/turn                m - ring of magical power

@: mighty
A: permanent stasis, dig shafts and tunnels, antennae 3, four strong arms
a: Dig, Shaft Self, Renounce Religion


You were on level 5 of the Dungeon.
You worshipped Ru.
Ru was noncommittal.
You visited 2 branches of the dungeon, and saw 6 of its levels.

You collected 324 gold pieces.

Inventory:

Hand Weapons
 a - a +0 flail (weapon)
Armour
 b - a +0 scale mail (worn)
 c - a +0 buckler (worn)
Jewellery
 f - a +6 ring of dexterity (left hand)
 h - an amulet of faith
 m - a ring of magical power (right hand)
 t - a ring of ice
Wands
 q - a wand of roots (15)
 v - a wand of polymorph (8)
Scrolls
 e - 2 scrolls of teleportation {unknown}
 g - 4 scrolls of fog {unknown}
 i - a scroll of noise {unknown}
 k - 2 scrolls of amnesia {unknown}
 l - a scroll of poison {unknown}
 o - a scroll of identify {unknown}
 p - 2 scrolls of enchant weapon {unknown}
 r - a scroll of immolation {unknown}
 s - a scroll of blinking {unknown}
 u - a scroll of acquirement {unknown}
 w - a scroll of enchant armour {unknown}
Potions
 d - a potion of might
 j - a potion of ambrosia {unknown}
 n - a potion of magic {unknown}


   Skills:
 + Level 7.3 Fighting
 + Level 6.2 Maces & Flails
 - Level 3.2 Armour
 - Level 4.0 Shields


You had 7 spell levels left.
You didn't know any spells.
Your spell library contained the following spells:

 Spells                   Type           Power      Damage    Failure   Level
 Lesser Beckoning         Tloc           0%         N/A       89%         2
 Gell's Gravitas          Tloc           0%         N/A       98%         3
 Teleport Other           Tloc           0%         N/A       98%         3
 Manifold Assault         Tloc           0%         N/A       100%        4
 Dispersal                Tloc           0%         N/A       100%        6
 Disjunction              Tloc           0%         N/A       100%        8


Dungeon Overview and Level Annotations

Branches:
Dungeon (5/15)             Temple (1/1) D:5

Altars:
Ashenzari
Fedhas
Gozag
Ru
Sif Muna
Yredelemnul

Shops:
D:4 :**(

Annotations:
D:2 1 runed translucent door, Crazy Yiuf
D:5 Edmund


Innate Abilities, Weirdness & Mutations

You cannot be hasted, slowed, berserked, paralysed or teleported.
You can dig through walls and to a lower floor.
You have a pair of large antennae on your head. (SInv)
Your four strong arms can wield two-handed weapons with a shield.


Message History

You hit Edmund.
Edmund is moderately wounded.
Edmund hits you with a +0 heavy dire flail!
You are too injured to fight recklessly!
You are too injured to fight recklessly!
You are too injured to fight recklessly!
You are too injured to fight recklessly!
You are too injured to fight recklessly!
You are too injured to fight recklessly!
You are too injured to fight recklessly!
You are too injured to fight recklessly!
You barely miss Edmund.
Edmund is moderately wounded.
You block Edmund's attack.
You hit Edmund.
Edmund is moderately wounded.
You hit Edmund but do no damage.
Edmund is moderately wounded.
You block Edmund's attack.
You hit Edmund but do no damage.
Edmund is moderately wounded.
Edmund hits you with a +0 heavy dire flail.
You feel very mighty all of a sudden.
Edmund hits you with a +0 heavy dire flail!
* * * LOW HITPOINT WARNING * * *
You sock Edmund!
Edmund is heavily wounded.
You closely miss Edmund.
Edmund is heavily wounded.
Edmund hits you with a +0 heavy dire flail.
* * * LOW HITPOINT WARNING * * *
You hit Edmund but do no damage.
Edmund is heavily wounded.
Edmund closely misses you.
You closely miss Edmund.
Edmund is heavily wounded.
You sock Edmund!
Edmund is almost dead.
Edmund hits you with a +0 heavy dire flail!
You die...

#.# #.# #.#
#.# ########
#.# .......#
#.# ######.#
#@# # #.# #@#
# #.# #.# #
#.# #.# # #.#
#.# #
#.#########.#
#
#...........#
#############


You could see Edmund (resistant).

Vanquished Creatures
  Sigmund (D:2)
  A water moccasin (D:4)
  A scorpion (D:2)
  2 hounds
  A jelly (D:4)
  2 orc priests (D:5)
  An iguana (D:5)
  A sleepcap (D:4)
  Jessica (D:2)
  4 adders
  8 gnolls
  A shadow imp (D:5)
  A white imp (D:5)
  An ufetubus (D:4)
  2 dart slugs (D:4)
  6 orcs
  7 ball pythons
  5 bats
  6 endoplasms
  13 goblins
  10 hobgoblins
  A jackal (D:2)
  5 kobolds
  A quokka (D:2)
  3 frilled lizards (D:1)
  9 rats
94 creatures vanquished.

Notes
Turn   | Place    | Note
-------+----------+-------------------------------------------
     0 | D:1      | cforsyth the Formicid Fighter began the quest for the Orb.
     0 | D:1      | Reached XP level 1. HP: 18/18 MP: 1/1
    53 | D:1      | Reached XP level 2. HP: 21/24 MP: 2/2
   205 | D:1      | Reached XP level 3. HP: 30/30 MP: 3/3
   439 | D:1      | Reached skill level 4 in Fighting
   604 | D:2      | Noticed Sigmund
   613 | D:2      | Killed Sigmund
   614 | D:2      | Reached skill level 5 in Fighting
   614 | D:2      | Reached XP level 4. HP: 9/39 MP: 4/4
   614 | D:2      | Reached XP level 5. HP: 10/44 MP: 5/5
   882 | D:2      | Reached XP level 6. HP: 51/51 MP: 6/6
  1095 | D:2      | Noticed Jessica
  1108 | D:2      | Killed Jessica
  1256 | D:2      | Found a runed translucent door.
  1257 | D:2      | Noticed Crazy Yiuf
  1836 | D:2      | Reached skill level 6 in Fighting
  2067 | D:3      | Reached skill level 5 in Maces & Flails
  2463 | D:4      | Reached XP level 7. HP: 54/58 MP: 7/7
  2618 | D:4      | Noticed a water moccasin
  2630 | D:4      | Killed a water moccasin
  2922 | D:4      | Found Uffeom's General Store.
  2939 | D:4      | Found Houkenan's Book Shop.
  2993 | D:4      | Found Munav's General Store.
  3178 | D:4      | Found Saroukan's Antique Weapon Shop.
  3222 | D:5      | Entered Level 5 of the Dungeon
  3315 | D:5      | Reached skill level 7 in Fighting
  3545 | D:5      | Found a staircase to the Ecumenical Temple.
  3570 | Temple   | Entered the Ecumenical Temple
  3720 | Temple   | Became a worshipper of Ru the Awakened
  3816 | D:5      | Reached XP level 8. HP: 64/67 MP: 8/8
  4056 | D:5      | Noticed Edmund
  4074 | D:5      | Slain by Edmund

Illustrated notes

Levels and vault maps discovered:
D:1:      onia_arrival_handbag, layout_basic, minmay_misc_feat_more_columns
D:2:      minmay_spotlight, layout_basic, uniq_crazy_yiuf_cottage, uniq_jessica,
          uniq_sigmund
D:3:      layout_basic, kennysheep_generic_room_12
D:4:      layout_rooms, serial_shops, nicolae_shop_statue_plus,
          nicolae_stop_n_shop_2, shop, nicolae_shop_behind_doors
D:5:      layout_loops_ring, temple_fountains, amcnicky_mini_pool_small,
          saegor_snake_ambush, uniq_menkaure, uniq_edmund, uniq_ijyb
Temple:   mainiacjoe_temple_cubbyholes

Skill      XL: |  1  2  3  4  5  6  7 |
---------------+----------------------+-----
Fighting       | 5 6 7 |  7.3
Maces & Flails | 4 5 6 |  6.2
Armour         | |  3.2
Shields        | |  4.0

Action                     |  1- 3 |  4- 6 |  7- 9 || total
---------------------------+-------+-------+-------++-------
  Melee: Flail             |    65 |   112 |   112 ||   289
    Use: Potion            |       |       |     5 ||     5
 Armour: Scale mail        |    30 |    37 |    28 ||    95
  Dodge: Dodged            |    28 |    52 |    43 ||   123
  Block: Buckler           |    11 |    31 |    26 ||    68

Table legend: (Time is in decaauts)
 A = Elapsed time spent in this place.
 B = Non-inter-level travel time spent in this place.
 C = Inter-level travel time spent in this place.
 D = Time resting spent in this place.
 E = Time spent auto-exploring this place.
 F = Levels seen in this place.
 G = Mean time per level.
                   A        B        C        D        E       F      G
               +--------+--------+--------+--------+--------+-----+--------+
         Total |   4132 |   3975 |    157 |    719 |   2566 |   6 |  688.7 |
       Dungeon |   3938 |   3863 |     75 |    719 |   2457 |   5 |  787.6 |
        Temple |    193 |    111 |     82 |      0 |    109 |   1 |  193.0 |
               +--------+--------+--------+--------+--------+-----+--------+

Top non-repeatable levels by time:
     D:2: 1242 daAuts
     D:4: 820 daAuts
     D:5: 665 daAuts
     D:1: 621 daAuts
     D:3: 587 daAuts
  Temple: 193 daAuts
